 Dungeon Crawl Stone Soup version 0.23-a0-619-g281719c (console) character file.

293 Duffy the Chopper (level 6, 0/47 HPs)
             Began as a Demonspawn Fighter on Dec 22, 2018.
             Slain by an ogre
             ... wielding a +4 dire flail
              (9 damage)
             ... on level 4 of the Dungeon.
             The game lasted 00:01:13 (1644 turns).

Duffy the Chopper (Demonspawn Fighter)              Turns: 1644, Time: 00:01:15

Health: 0/47       AC:  6    Str: 17    XL:     6   Next: 11%
Magic:  0/6        EV:  6    Int: 11    God:
Gold:   63         SH: 12    Dex: 12    Spells: 5/5 levels left

rFire    + . .     SeeInvis .   a - +0 war axe
rCold    . . .     Gourm    .   c - +0 shield
rNeg     . . .     Faith    .   b - +0 scale mail
rPois    .         Spirit   +   (no helmet)
rElec    .         Reflect  .   (no cloak)
rCorr    .         Harm     .   (no gloves)
MR       .....                  (no boots)
Stlth    ..........             (no amulet)
HPRegen  0.15/turn              m - ring of protection from fire
MPRegen  0.10/turn              (no ring)

@: no status effects
A: claws 1, large bone plates 1, spiny 1, magic shield
a: no special abilities


You were on level 4 of the Dungeon.
You were hungry.

You visited 1 branch of the dungeon, and saw 4 of its levels.

You collected 63 gold pieces.

Inventory:

Hand Weapons
 a - a +0 war axe (weapon)
Armour
 b - a +0 scale mail (worn)
 c - a +0 shield (worn)
Jewellery
 m - a ring of protection from fire (left claw)
Scrolls
 e - a scroll of noise {unknown}
 h - 2 scrolls of enchant armour {unknown}
 i - 2 scrolls of remove curse {unknown}
 k - 4 scrolls of identify {unknown}
Potions
 d - a potion of might
 j - a potion of curing {unknown}
 l - a potion of magic {unknown}
 n - a potion of cancellation {unknown}
Comestibles
 f - a ration
 g - 8 chunks of flesh


   Skills:
 - Level 3.0 Fighting
 + Level 5.9 Axes
 - Level 2.6 Armour
 - Level 2.6 Shields


You had 5 spell levels left.
You didn't know any spells.
Your spell library was empty.

Dungeon Overview and Level Annotations

Branches:
Dungeon (4/15)
 Temple: D:4-7

Altars:

Annotations:
D:4 1 transporter, Leeroy's ghost, amateur GnSk


Innate Abilities, Weirdness & Mutations

You have sharp fingernails.
You are partially covered in large bone plates. (SH +4)
You are partially covered in sharp spines.
When hurt, damage is shared between your health and your magic reserves.


Message History

Leeroy's ghost's shroud bends your attack away.
You block Leeroy's ghost's attack.
You barely miss Leeroy's ghost. You hit the ogre.
You block Leeroy's ghost's attack. You block the ogre's attack.
Leeroy's ghost is struck by your spines.
Leeroy's ghost barely misses you.
You closely miss Leeroy's ghost.
Leeroy's ghost is lightly damaged.
You hit the ogre. The ogre hits you with a +4 dire flail!
Leeroy's ghost closely misses you. The ogre is struck by your spines.
The ogre hits you with a +4 dire flail.
You are too injured to fight recklessly!
You are too injured to fight recklessly!
You are too injured to fight recklessly!
You slash the ogre!
The ogre is almost dead.
Your shield prevents you from hitting Leeroy's ghost.
Leeroy's ghost is no longer regenerating.
Leeroy's ghost hits you. The ogre hits you with a +4 dire flail!
You die...

.. ########/..##...
#...[.^#...#....
#.W##..#........
#@#..#.#...#....
#O#.O#.#........ ##
#..##..#^....# .
#^....$#.....## #.
###..##.$#^.....# .###.
#.#.#..#.#......##. ......
#.#.#..#O#.........
......##.#..##..#%.......
)......#.#......#......#.#


You could see an ogre and Leeroy's ghost.

Vanquished Creatures
  An ogre (D:4)
  A bullfrog (D:3)
  2 orc priests (D:3)
  An orc wizard (D:3)
  3 adders (D:2)
  2 dart slugs
  7 orcs (D:3)
  A bat (D:2)
  3 giant cockroaches
  2 goblins (D:2)
  2 hobgoblins (D:3)
  2 jackals (D:3)
  3 frilled lizards
  A kobold (D:2)
  A rat (D:2)
32 creatures vanquished.

Notes
Turn   | Place    | Note
-------+----------+-------------------------------------------
     0 | D:1      | Duffy the Demonspawn Fighter began the quest for the Orb.
     0 | D:1      | Reached XP level 1. HP: 18/18 MP: 1/1
    64 | D:2      | Reached skill level 2 in Axes
    64 | D:2      | Gained mutation: You are partially covered in large bone
                  | plates. (SH +4) [demonic ancestry]
    64 | D:2      | Reached XP level 2. HP: 11/24 MP: 2/2
    93 | D:2      | HP: 1/24 [poisoned by an adder]
   429 | D:2      | Reached skill level 3 in Axes
   529 | D:2      | Gained mutation: You have sharp fingernails. [demonic
                  | ancestry]
   529 | D:2      | Reached XP level 3. HP: 12/29 MP: 3/3
   877 | D:3      | Noticed a bullfrog
   885 | D:3      | Killed a bullfrog
   885 | D:3      | Reached skill level 4 in Axes
   885 | D:3      | Gained mutation: You are partially covered in sharp spines.
                  | [demonic ancestry]
   885 | D:3      | Reached XP level 4. HP: 15/35 MP: 4/4
  1358 | D:3      | Gained mutation: When hurt, damage is shared between your
                  | health and your magic reserves. [demonic ancestry]
  1358 | D:3      | Reached XP level 5. HP: 41/41 MP: 5/5
  1443 | D:3      | Reached skill level 5 in Axes
  1593 | D:4      | Found a transporter.
  1621 | D:4      | Noticed Leeroy's ghost (amateur GnSk)
  1622 | D:4      | Noticed an ogre
  1622 | D:4      | Noticed an ogre
  1628 | D:4      | Found a transporter.
  1641 | D:4      | Killed an ogre
  1641 | D:4      | Reached XP level 6. HP: 30/47 MP: 3/6
  1644 | D:4      | Slain by an ogre

Vault maps used:
D:1:      dpeg_arrival_pond, serial_co_window_serial, co_window_corner_a,
          co_window_corner_a, co_window_of_opportunity_a, co_window_paths_a,
          co_window_paths_a, co_window_of_opportunity_a, co_window_broadway_c,
          co_window_broadway_a, co_window_paths_c, co_window_corner_cb,
          co_window_unsneaky_path_e, glass_columns_b, glass_columns_a
D:2:      grunt_temple_overflow_gold_and_silver, serial_forest,
          infiniplex_forest_clump_diagonal, infiniplex_forest_lined_room_3,
          infiniplex_forest_lined_corner, infiniplex_forest_corner_1,
          infiniplex_forest_lined_3, infiniplex_forest_clump_medium,
          infiniplex_forest_clump_medium
D:3:      first_ration, xom_teletrap_fun, uniq_natasha
D:4:      makhleb_grotto_becter, kennysheep_mini, kennysheep_little_box,
          serial_shops, nicolae_shop_stone, gammafunk_ghost_smash,
          nemelex_altar_shiori, uniq_ijyb

Skill      XL: |  1  2  3  4  5 |
---------------+----------------+-----
Axes           | 2 3 4 5 |  5.9
Fighting       | |  3.0
Armour         | |  2.6
Shields        | |  2.6

Action                   |  1- 3 |  4- 6 || total
-------------------------+-------+-------++-------
Melee: War axe           |    54 |    79 ||   133
  Eat: Chunk             |       |     2 ||     2
Armor: Scale mail        |    24 |    16 ||    40
Dodge: Dodged            |    12 |    18 ||    30
Block: Shield            |    35 |    50 ||    85

Table legend:
 A = Non-vault XP
 B = Vault XP
 C = Vault XP percentage of total XP
 D = Non-vault monster count
 E = Vault monster count
 F = Vault count percentage of total count
                 A         B        C        D         E       F
            +---------+---------+-------+---------+---------+-------
      Total |     298 |     121 |  28.9 |      31 |       1 |   3.1
            +---------+---------+-------+---------+---------+-------
        D:2 |      53 |       0 |   0.0 |      10 |       0 |   0.0
        D:3 |     236 |       0 |   0.0 |      17 |       0 |   0.0
        D:4 |       9 |     121 |  93.1 |       4 |       1 |  20.0
            +---------+---------+-------+---------+---------+-------
